 Dungeon Crawl Stone Soup version 0.19-a0-1740-g0bcaf2e (webtiles) character file.

80 Amnesiac the Digger (level 4, -2/30 HPs)
             Began as a Mummy Earth Elementalist on Oct 1, 2016.
             Slain by a worker ant (6 damage)
             ... on level 4 of the Dungeon.
             The game lasted 00:03:07 (1121 turns).

Amnesiac the Digger (Mummy Earth Elementalist)      Turns: 1121, Time: 00:03:08

Health: -2/30      AC:  2    Str: 11    XL:     4   Next: 18%
Magic:  0/7        EV: 12    Int: 14    God:
Gold:   57         SH:  0    Dex: 13    Spells: 3 memorised, 0 levels left

rFire  x . .     SeeInvis .     b - 47 stones
rCold  + . .     Gourm    .     c - +0 robe
rNeg   + + +     Faith    .     (no shield)
rPois  ∞         Spirit   .     (no helmet)
rElec  .         Dismiss  .     (no cloak)
rCorr  .         Reflect  .     (no gloves)
MR     .....     Harm     .     (no boots)
Stlth  ++........               (no amulet)
                                (no ring)
                                (no ring)

@: very slightly contaminated
A: no food or potions, fire vulnerability, cold resistance 1, negative energy
resistance 3, torment resistance, unbreathing
a: no special abilities


You were on level 4 of the Dungeon.
You were not hungry.

You visited 1 branch of the dungeon, and saw 4 of its levels.

You collected 57 gold pieces.

Inventory:

Hand Weapons
 g - a cursed -1 war axe
 h - a +2 short sword of speed
Missiles
 b - 47 stones (in hand)
Armour
 c - a +0 robe (worn)
Scrolls
 a - a scroll of enchant armour {unknown}
 e - a scroll of identify {unknown}
 f - 2 scrolls of remove curse {unknown}
Books
 d - a book of Geomancy

   Spells                             Type                      Level
   a - Sandblast                      Earth                        1
   b - Passwall                       Transmutation/Earth          2
   c - Stone Arrow                    Conjuration/Earth            3
   d - Petrify                        Transmutation/Earth          4
   e - Lee's Rapid Deconstruction     Earth                        5


   Skills:
 - Level 1.5 Dodging
 - Level 1.5 Stealth
 - Level 2.0 Spellcasting
 - Level 0.7 Transmutations
 + Level 4.2 Earth Magic


You couldn't memorise any spells.
You knew the following spells:

 Your Spells              Type           Power        Failure   Level  Hunger
e - Petrify               Tmut/Erth      #.......     89%         4    N/A
f - Sandblast             Erth           ##....       4%          1    N/A
v - Passwall              Tmut/Erth      #.........   17%         2    N/A

Dungeon Overview and Level Annotations

Branches:
Dungeon (4/15)
 Temple: D:4-7

Altars:


Innate Abilities, Weirdness & Mutations

You do not eat or drink.
Your flesh is vulnerable to fire.
You are immune to poison.
Your flesh is cold resistant. (rC+)
You are immune to negative energy. (rN+++)
You are immune to unholy pain and torment.
You can survive without breathing.


Message History

The rocky blast misses the worker ant.
The rocky blast hits the jackal.
You kill the jackal!
The worker ant waves its antennae.
The worker ant bites you. The worker ant closely misses you.
Unknown command.
The worker ant closely misses you. The worker ant bites you!
* * * LOW HITPOINT WARNING * * *
Casting: Sandblast
Confirm with . or Enter, or press ? or * to list all spells.
Aiming: Sandblast
Press: ? - help, Shift-Dir - straight line, f/p - worker ant
Aim: a worker ant (lightly wounded)
You miscast Sandblast.
You are very lightly contaminated with residual magic.
Nothing appears to happen.
The worker ant bites you.
* * * LOW HITPOINT WARNING * * *
Unknown command.
The worker ant bites you.
You die...

# .. #. #. ##.## #
...# ### #.
#.#######.....
#.###....a@.......
#...#.######...###
#.#...# ...#
#....## ...#
##.#.# #.## #.#.#
#.# # #.# #.####
#.# #.... .. #.#
#..###....


You could see a worker ant.

Vanquished Creatures
  2 orc wizards
  2 orcs (D:2)
  A giant cockroach (D:1)
  3 goblins
  A hobgoblin (D:2)
  4 jackals (D:4)
  2 kobolds
  2 bats
  2 frilled lizards
  A jackal skeleton (D:4)
  A rat (D:2)
21 creatures vanquished.

Vanquished Creatures (others)
  2 fungi (D:3)
2 creatures vanquished.

Grand Total: 23 creatures vanquished

Notes
Turn   | Place    | Note
-------+----------+-------------------------------------------
     0 | D:1      | Amnesiac the Mummy Earth Elementalist began the quest for the Orb.
     0 | D:1      | Reached XP level 1. HP: 13/13 MP: 3/3
   310 | D:2      | Reached XP level 2. HP: 19/19 MP: 0/5
   406 | D:2      | Reached skill level 3 in Earth Magic
   775 | D:2      | Reached XP level 3. HP: 5/24 MP: 1/6
   779 | D:2      | Learned a level 2 spell: Passwall
  1008 | D:3      | Reached skill level 4 in Earth Magic
  1008 | D:3      | Reached XP level 4. HP: 24/30 MP: 2/7
  1070 | D:3      | Learned a level 4 spell: Petrify
  1121 | D:4      | Slain by a worker ant

Vault maps used:
D:1:      minmay_arrival_nine_rooms
D:2:      nicolae_overflow_crystal_walls, lemuel_crystal_altar,
          lemuel_round_altar
D:3:      tgw_fedhas, first_bread, lemuel_blue_sif_altar
D:4:      kennysheep_mini_moat

Skill      XL: |  1  2  3 |
---------------+----------+-----
Earth Magic    | 3 4 |  4.2
Dodging        | |  1.5
Stealth        | |  1.5
Spellcasting   | |  2.0
Transmutations | |  0.7

Action                   |  1- 3 |  4- 6 || total
-------------------------+-------+-------++-------
 Cast: Sandblast         |    36 |    10 ||    46
Armor: Robe              |     1 |     1 ||     2
Dodge: Dodged            |     9 |     5 ||    14
